[Event "WWRR IM 2018"]
[Site "Wachtebeke"]
[Date "2018.02.12"]
[Round "5"]
[White "Hummel, Joop"]
[Black "Van Malder, Dries"]
[Result "1/2-1/2"]
[ECO "E14"]
[WhiteElo "1975"]
[BlackElo "2032"]
[Annotator "NA RC"]
[PlyCount "62"]
[EventDate "2018.??.??"]
[EventCountry "BEL"]
[SourceTitle "playchess.com"]
[Source "ChessBase"]
[SourceQuality "1"]
[TimeControl "40/5400+30:900+30"]

1. Nf3 Nf6 2. d4 e6 3. e3 c5 4. Bd3 b6 5. O-O Bb7 6. c4 cxd4 7. exd4 {[%emt 0:00:03] E14: Queen's Indian: Classical Variation (4 e3)} d5 8. Nc3 Nbd7 9. cxd5 Nxd5 10. Bb5 $146 ({Predecessor:} 10. Nxd5 Bxd5 11. Ne5 Nxe5 12. dxe5 Bc6 13. Re1 Bc5 14. Be3 Qd5 {0-1 (30) Panelo Munoz,M (2388)-Cori Tello,J (2648) Vallfogona de Balague 2017}) 10... a6 11. Bxd7+ Qxd7 12. Ne5 Nxc3 13. Nxd7 Nxd1 14. Nxb6 Rd8 15. Rxd1 Bc5 16. Nc4 Bxd4 {[%emt 0:04:24] [#]} 17. Be3 (17. Bf4 $1 $16) 17... Bxe3 18. Rxd8+ Kxd8 19. fxe3 Ke7 20. Rd1 Bd5 21. Nb6 Bxa2 22. Rd7+ Kf6 23. Ra7 Rd8 24. Nd7+ Kf5 25. Kf2 ({Better is} 25. h3 $15) 25... Bc4 {[%emt 0:07:26] [#]} (25... Rc8 $17 26. Kg3 Rc2) 26. g4+ $1 Ke4 27. Nc5+ Kd5 28. Na4 (28. Nxa6 $11 {keeps the balance.} h6 29. Kg3) 28... Bb3 (28... Rb8 $17 29. Rxf7 Rb4 30. Nc3+ Kc6) 29. Rxa6 Bxa4 30. Rxa4 Ke5 31. Ke2 $11 Rb8 1/2-1/2

[Event "WWRR IM 2018"]
[Site "Wachtebeke"]
[Date "2018.02.12"]
[Round "5"]
[White "Roels, Frederik"]
[Black "Moens, Patrick"]
[Result "0-1"]
[ECO "B98"]
[WhiteElo "1914"]
[BlackElo "1870"]
[Annotator "NA RC"]
[PlyCount "104"]
[EventDate "2018.??.??"]
[EventCountry "BEL"]
[SourceTitle "playchess.com"]
[Source "ChessBase"]
[SourceQuality "1"]
[TimeControl "40/5400+30:900+30"]

1. e4 c5 2. Nf3 d6 3. d4 cxd4 4. Nxd4 Nf6 5. Nc3 a6 6. Bg5 e6 7. f4 Be7 8. Qe2 h6 9. Bxf6 {[%emt 0:00:33] B98: Sicilian Najdorf: 6 Bg5 e6 7 f4 Be7, sidelines} Bxf6 10. O-O-O Qc7 11. h4 (11. Qd2 Bd7 12. Kb1 b5 13. g4 b4 14. Nce2 Nc6 15. Nf3 Be7 16. h4 a5 {½-½ (48) Jobava,B (2669)-Yilmaz,M (2622) Izmir 2016}) 11... Nc6 12. Qc4 $2 $146 (12. Nb3 $15) ({Predecessor:} 12. Nxc6 bxc6 13. Rh3 Rb8 14. b3 g5 15. e5 dxe5 16. fxg5 Be7 {1-0 (36) Hossain,E (2432)-Dao,T (2463) Ashkhabad 2017}) 12... d5 13. Qa4 (13. Nxe6 {keeps fighting.} fxe6 14. exd5 Bxc3 15. bxc3 exd5 16. Re1+ Kd8 17. Qxd5+ Bd7 18. g3) 13... Bxd4 ({Much less strong is} 13... Qxf4+ 14. Kb1 $17) 14. Rxd4 Bd7 $2 ({Not} 14... Qxf4+ 15. Rd2 $17) (14... b5 $19 15. Bxb5 axb5 16. Qxa8 Nxd4) 15. Rd2 d4 16. Ne2 {[%emt 0:01:26] [#]} d3 $1 17. cxd3 $2 (17. Ng1 $17) 17... Nb4+ $1 18. Rc2 Nxc2 $2 ({Nicht} 18... Bxa4 19. Rxc7 Nxd3+ 20. Kb1 $17) (18... Rc8 19. Rxc7 Rxc7+ 20. Nc3 Bxa4) 19. Qxc2 Qa5 20. Nc3 b5 21. a3 (21. Kb1 $142) 21... Qb6 22. Qd2 a5 23. Kd1 b4 24. Nb1 Qd4 25. g4 Ba4+ 26. Ke2 Rc8 27. Kf3 Rc2 28. Qe3 Qxe3+ 29. Kxe3 Rxb2 30. Nd2 (30. Be2 $142) 30... bxa3 31. Be2 a2 32. Ra1 Bb5 33. e5 O-O 34. Nc4 Bxc4 35. dxc4 Rd8 36. f5 exf5 37. gxf5 Re8 38. Bd3 Rxe5+ 39. Kd4 f6 40. c5 Kf8 41. Bc4 Rxf5 42. Bxa2 Rb4+ 43. Kd3 Rxc5 44. Rh1 Rh5 45. Rc1 Rb7 46. Rc8+ Ke7 47. Rc4 Re5 48. Rg4 Rd7+ 49. Kc3 Rc5+ 50. Kb2 Rb7+ 51. Ka3 Rc3+ 52. Ka4 {[%emt 0:00:07] [#]} Rb4+ $19 0-1